 Dungeon Crawl Stone Soup version 0.19.5 (webtiles) character file.

2746 galech the Cleaver (level 9, -1/81 HPs)
             Began as a Deep Dwarf Fighter on Mar 14, 2017.
             Was a Believer of Makhleb.
             Slain by an iguana (6 damage)
             ... on level 7 of the Dungeon.
             The game lasted 00:12:13 (5276 turns).

galech the Cleaver (Deep Dwarf Fighter)             Turns: 5276, Time: 00:12:13

Health: -1/81      AC: 13    Str: 22    XL:     9   Next: 41%
Magic:  0/5        EV:  4    Int: 10    God:    Makhleb [**....]
Gold:   313        SH: 10    Dex: 12    Spells: 0 memorised, 8 levels left

rFire  . . .     SeeInvis .     a - +0 war axe
rCold  . . .     Gourm    .     n - +0 plate armour
rNeg   . . .     Faith    .     c - +0 shield
rPois  .         Spirit   +     (no helmet)
rElec  .         Reflect  .     (no cloak)
rCorr  .         Harm     .     (no gloves)
MR     +....                    K - +0 pair of boots
Stlth  ..........               J - amulet of guardian spirit
                                (no ring)
                                (no ring)

@: non-regenerating, heavily drained
A: damage resistance, recharge devices, sense surroundings 2, slow regeneration
3
a: Device Recharging, Minor Destruction, Renounce Religion


You were on level 7 of the Dungeon.
You worshipped Makhleb.
Makhleb was pleased with you.
You were not hungry.

You visited 1 branch of the dungeon, and saw 8 of its levels.

You collected 339 gold pieces.
You spent 26 gold pieces at shops.

Inventory:

Hand Weapons
 a - a +0 war axe (weapon)
Armour
 c - a +0 shield (worn)
 d - a +0 pair of boots
 n - a +0 plate armour (worn)
 K - a +0 pair of boots (worn)
Jewellery
 J - an amulet of guardian spirit (around neck)
Wands
 e - a wand of heal wounds (0/9)
 w - a wand of enslavement (9/24)
 E - a wand of paralysis (14/24)
 G - a wand of teleportation (7/9)
 H - a wand of random effects (18/48)
 L - a wand of random effects (15/48)
 M - a wand of flame (26/48)
Scrolls
 h - a scroll of fear {unknown}
 i - 5 scrolls of identify
 k - 3 scrolls of noise {unknown}
 l - 2 scrolls of enchant weapon {unknown}
 m - 5 scrolls of remove curse
 o - a scroll of amnesia {unknown}
 p - 3 scrolls of fog {unknown}
 s - 4 scrolls of enchant armour {unknown}
 t - 2 scrolls of teleportation {unknown}
 y - a scroll of blinking {unknown}
 A - a scroll of recharging {unknown}
Potions
 b - a potion of magic {unknown}
 j - a potion of mutation {unknown}
 q - a potion of invisibility {unknown}
 u - a potion of haste {unknown}
 v - a potion of agility {unknown}
 x - 2 potions of might
 z - a potion of curing {unknown}
 C - 2 potions of flight {unknown}
 D - a potion of cancellation {unknown}
Books
 I - a book of Geomancy

   Spells                             Type                      Level
   a - Sandblast                      Earth                        1
   b - Passwall                       Transmutation/Earth          2
   c - Stone Arrow                    Conjuration/Earth            3
   d - Petrify                        Transmutation/Earth          4
   e - Lee's Rapid Deconstruction     Earth                        5
Comestibles
 f - 4 bread rations
 g - 5 meat rations
 r - 2 beef jerkies
 B - 5 fruits
 F - 2 chunks of flesh


   Skills:
 + Level 5.2(3.5) Fighting
 + Level 9.2(7.2) Axes
 + Level 6.8(4.9) Armour
 + Level 2.1(0.5) Dodging
 + Level 7.6(5.7) Shields
 + Level 1.1(0.0) Evocations


You had 8 spell levels left.
You didn't know any spells.

Dungeon Overview and Level Annotations

Branches:
Dungeon (8/15)             Temple (0/1) D:7
   Lair: D:8-11

Altars:
Ashenzari
Cheibriados
Dithmenos
Makhleb
Nemelex Xobeh
Qazlal
Xom
Yredelemnul

Shops:
D:7 *

Annotations:
D:7 Exporg's ghost, novice FoFi
D:8 Sagrath01's ghost, novice DrTm


Innate Abilities, Weirdness & Mutations

You are resistant to damage.
You can recharge devices by infusing magical energy.
You passively map the area around you.
You do not regenerate.


Message History

You don't have enough magic at the moment.
You don't have enough magic at the moment.
You block Sagrath01's ghost's attack.
There is a stone staircase leading up here.
Sagrath01's ghost hits you but does no damage.
You climb upwards.
Level annotation: Exporg's ghost, novice FoFi The iguana hisses angrily.
Found a potion of might and a flail.
Found a staircase to the Ecumenical Temple.
There is a stone staircase leading down here.
You hit the iguana but do no damage. The iguana barely misses you.
You block the iguana's attack.
You slash the iguana!
The iguana is severely wounded.
You block the iguana's attack.
You hit the iguana but do no damage.
The iguana is severely wounded.
The iguana bites you!
You die...

* #.# #. #.....##* #.#
#. #..>..# #.# #.
#.)...# #.# #. #.⌠.⌠.#
#.# ## *** ***
#....!#,* #.# ,,,
#.⌠.⌠.# ######.##
*#.#.....#.........####
#W#..@l.######........
* ....#.....#.#
##...#### ., #8...8#.#
##.## # , , ,.#######.#
### # ,,, ..# #.# # ,
##
#.######.############ *
, ..
#.#..................
#(
#.#.####.############ *
#. #.#.# #.#


You could see a hungry ghost and an iguana.

Vanquished Creatures
  A kobold demonologist (D:8)
  A necrophage (D:5)
  Purgy (D:3)
  An orc warrior (D:5)
  2 phantoms
  3 ogres
  2 centaurs (D:7)
  A crocodile (D:7)
  5 bullfrogs
  A scorpion (D:5)
  A howler monkey (D:5)
  A crimson imp (D:5)
  2 jellies (D:6)
  6 hounds
  5 orc priests
  2 bullfrog skeletons
  A centaur skeleton (D:5)
  2 iguanas
  Ijyb (D:2)
  Natasha (thrice) (D:2)
  4 worker ants (D:5)
  6 orc wizards
  A hound zombie (D:6)
  8 adders
  An ooze (D:2)
  3 adder skeletons
  A worm (D:2)
  A dart slug (D:4)
  4 leopard geckos
  24 orcs
  3 bats
  8 giant cockroaches
  15 goblins
  8 hobgoblins
  8 jackals
  A quokka (D:5)
  A ball python (D:2)
  5 frilled lizards
  A jackal zombie (D:6)
  8 kobolds
  A leopard gecko skeleton (D:4)
  7 rats
161 creatures vanquished.

Notes
Turn   | Place    | Note
-------+----------+-------------------------------------------
     0 | D:1      | galech the Deep Dwarf Fighter began the quest for the Orb.
     0 | D:1      | Reached XP level 1. HP: 20/20 MP: 1/1
    87 | D:1      | Reached XP level 2. HP: 27/27 MP: 2/2
   667 | D:2      | Reached XP level 3. HP: 29/34 MP: 3/3
   759 | D:2      | Noticed Ijyb
   777 | D:2      | Killed Ijyb
   777 | D:2      | Reached skill level 3 in Axes
   777 | D:2      | Reached XP level 4. HP: 28/42 MP: 4/4
   808 | D:2      | Noticed Natasha
   815 | D:2      | Killed Natasha
   834 | D:2      | Found a shimmering altar of Xom.
   849 | D:2      | Noticed Natasha
   858 | D:2      | Killed Natasha
   858 | D:2      | Reached skill level 1 in Dodging
   997 | D:2      | Noticed Natasha
  1007 | D:2      | Killed Natasha
  1007 | D:2      | Reached XP level 5. HP: 22/49 MP: 5/5
  1333 | D:3      | Noticed Purgy
  1345 | D:3      | Killed Purgy
  1345 | D:3      | Reached skill level 4 in Axes
  1345 | D:3      | Reached XP level 6. HP: 52/56 MP: 6/6
  1518 | D:3      | Reached skill level 5 in Axes
  2374 | D:4      | Found a snail-covered altar of Cheibriados.
  2392 | D:4      | Found a sparkling altar of Nemelex Xobeh.
  2407 | D:4      | Reached skill level 5 in Shields
  2615 | D:4      | Found a burning altar of Makhleb.
  2618 | D:4      | Became a worshipper of Makhleb the Destroyer
  2729 | D:4      | Found a sparkling altar of Nemelex Xobeh.
  2864 | D:5      | Entered Level 5 of the Dungeon
  2897 | D:5      | Reached XP level 7. HP: 36/63 MP: 7/7
  2916 | D:5      | Found a shadowy altar of Dithmenos.
  3120 | D:5      | Reached skill level 5 in Armour
  3123 | D:5      | Reached skill level 6 in Axes
  3326 | D:5      | Found a shattered altar of Ashenzari.
  3369 | D:5      | Reached * piety under Makhleb
  3726 | D:5      | Reached XP level 8. HP: 59/72 MP: 7/7
  3748 | D:5      | Reached skill level 7 in Axes
  3876 | D:6      | Found a stormy altar of Qazlal.
  4137 | D:6      | Found a basalt altar of Yredelemnul.
  4235 | D:7      | Found Darivvap's General Store.
  4250 | D:7      | Reached ** piety under Makhleb
  4250 | D:7      | Reached skill level 8 in Axes
  4252 | D:7      | Noticed Exporg's ghost (novice FoFi)
  4682 | D:7      | Bought a scroll of identify for 26 gold pieces
  4694 | D:7      | Gained mutation: You passively map the area around you. [Deep Dwarf growth]
  4694 | D:7      | Reached XP level 9. HP: 69/80 MP: 5/5
  4923 | D:7      | Reached skill level 5 in Fighting
  5156 | D:8      | Reached skill level 1 in Evocations
  5167 | D:8      | Noticed a kobold demonologist
  5176 | D:8      | Noticed a red devil
  5181 | D:8      | Killed a kobold demonologist
  5181 | D:8      | Reached skill level 9 in Axes
  5259 | D:8      | Noticed Sagrath01's ghost (novice DrTm)
  5273 | D:7      | Found a staircase to the Ecumenical Temple.
  5276 | D:7      | Slain by an iguana

Skill      XL: |  1  2  3  4  5  6  7  8  9 |
---------------+----------------------------+-----
Fighting       | 3 4 5 |  5.2
Axes           | 3 4 5 6 8 9 |  9.2
Shields        | 4 5 7 |  7.6
Dodging        | 1 2 |  2.1
Armour         | 4 5 6 |  6.8
Evocations     | 1 |  1.1

Action                   |  1- 3 |  4- 6 |  7- 9 || total
-------------------------+-------+-------+-------++-------
Melee: War axe           |    92 |   211 |   467 ||   770
 Abil: Device Recharging |       |       |     4 ||     4
Evoke: Wand              |       |     3 |    15 ||    18
  Use: Potion            |       |     1 |       ||     1
       Scroll            |       |       |     2 ||     2
  Eat: Chunk             |       |     6 |    10 ||    16
Armor: Scale mail        |    35 |     6 |       ||    41
       Plate armour      |       |   110 |   233 ||   343
Dodge: Dodged            |    31 |    37 |    93 ||   161
Block: Shield            |    48 |   111 |   264 ||   423
